SAA
ATHLETIC CLUB KC ACADEMY @ LANCASTER FARMERS
09/05/2029
 
TOP OF THE 1ST
Athletic Club KC Academy batting - Pitching for Lancaster Farmers : RHP Daniel Nelson
Pitching: RHP Daniel Nelson
Batting: RHB Tae-kyun Chon 0-0: Ball
1-0: Ball
2-0: Foul Ball, location: 2F
2-1: SINGLE (Line Drive, 89S)
Batting: RHB Colin Bottone 0-0: Ball
1-0: Called Strike
Tae-kyun Chon steals 2nd base
1-1: Foul Ball, location: 2F
1-2: Ball
2-2: Ball
3-2: Ground out 6-3 (Groundball, 6S)
Tae-kyun Chon to third
Batting: LHB Ramón Morterero 0-0: Ball
1-0: Called Strike
1-1: Ball
2-1: Foul Ball, location: 2F
2-2: Fly out, F8 (Line Drive, 8RD)
Runner from 3rd tags up, OUT at HOME
Top of the 1st over - 0 runs, 1 hit, 0 errors, 0 left on base; Athletic Club KC Academy 0 - Lancaster 0
BOTTOM OF THE 1ST
Lancaster Farmers batting - Pitching for Athletic Club KC Academy : RHP Gabriel Reyes
Pitching: RHP Gabriel Reyes
Batting: SHB Robert La Caze 0-0: Foul Ball, location: 2F
0-1: Foul Ball, location: 2F
0-2: Strikes out looking
Batting: RHB Woodrow Terrebonne 0-0: Foul Ball, location: 2F
0-1: Ball
1-1: Ball
2-1: Ball
3-1: Fly out, F8 (Flyball, 8LS)
Batting: LHB Tullu Amaad 0-0: Ball
1-0: Foul Ball, location: 2F
1-1: Foul Ball, location: 2F
1-2: Ball
2-2: Ball
3-2: Foul Ball, location: 2F
3-2: Fly out, F7 (Flyball, 7S)
Bottom of the 1st over - 0 runs, 0 hits, 0 errors, 0 left on base; Athletic Club KC Academy 0 - Lancaster 0
TOP OF THE 2ND
Athletic Club KC Academy batting - Pitching for Lancaster Farmers : RHP Daniel Nelson
Batting: RHB Roger Caffyn 0-0: Foul Ball, location: 2F
0-1: Swinging Strike
0-2: Foul Ball, location: 2F
0-2: Strikes out looking
Batting: LHB Kwang-chih Feng 0-0: Foul Ball, location: 2F
0-1: Swinging Strike
0-2: Ball
1-2: Strikes out swinging
Batting: RHB Troy Whitehurst 0-0: Ball
1-0: Called Strike
1-1: Swinging Strike
1-2: Ball
2-2: Ball
3-2: Base on Balls
Batting: RHB Dewey Nauss 0-0: Called Strike
0-1: Fly out, F6 (Line Drive, 56D)
Top of the 2nd over - 0 runs, 0 hits, 0 errors, 1 left on base; Athletic Club KC Academy 0 - Lancaster 0
BOTTOM OF THE 2ND
Lancaster Farmers batting - Pitching for Athletic Club KC Academy : RHP Gabriel Reyes
Batting: RHB Gabe Cain 0-0: SINGLE (Flyball, 9LS)
Batting: LHB Carlos Germán 0-0: Foul Ball, location: 2F
0-1: Fly out, F3 (Popup, 3L)
Batting: RHB Cosmo Castanhedo 0-0: Foul Ball, location: 2F
0-1: Fly out, F5 (Line Drive, 5)
Batting: LHB Mark Armstead 0-0: Ball
1-0: Called Strike
Gabe Cain is caught stealing 2nd base
Bottom of the 2nd over - 0 runs, 1 hit, 0 errors, 0 left on base; Athletic Club KC Academy 0 - Lancaster 0
TOP OF THE 3RD
Athletic Club KC Academy batting - Pitching for Lancaster Farmers : RHP Daniel Nelson
Batting: SHB Gerald Merendino 0-0: Foul Ball, location: 2F
0-1: Foul Ball, location: 2F
0-2: Ball
1-2: Ball
2-2: Fly out, F9 (Flyball, 9LM)
Now in RF: Danijel van Aalten
Batting: RHB Fernando Rodríguez 0-0: DOUBLE (Line Drive, 7LS)
Batting: RHB Tae-kyun Chon 0-0: Called Strike
0-1: Foul Ball, location: 2F
0-2: Ball
1-2: Ball
2-2: Ground out 1-3 (Groundball, 13S)
Fernando Rodríguez to third
Batting: RHB Colin Bottone 0-0: Ball
1-0: Ball
2-0: Foul Ball, location: 2F
2-1: Ground out U3 (Groundball, 34)
Top of the 3rd over - 0 runs, 1 hit, 0 errors, 1 left on base; Athletic Club KC Academy 0 - Lancaster 0
BOTTOM OF THE 3RD
Lancaster Farmers batting - Pitching for Athletic Club KC Academy : RHP Gabriel Reyes
Batting: LHB Mark Armstead 0-0: Ball
1-0: Called Strike
1-1: Ground out 1-3 (Groundball, 13)
Batting: RHB Alejandro Garza 0-0: Fly out, F8 (Flyball, 8RM)
Batting: RHB Danijel van Aalten 0-0: Called Strike
0-1: Ball
1-1: Ground out 1-3 (Groundball, 13S)
Bottom of the 3rd over - 0 runs, 0 hits, 0 errors, 0 left on base; Athletic Club KC Academy 0 - Lancaster 0
TOP OF THE 4TH
Athletic Club KC Academy batting - Pitching for Lancaster Farmers : RHP Daniel Nelson
Batting: LHB Ramón Morterero 0-0: Ball
1-0: SINGLE (Flyball, 89S)
Batting: RHB Roger Caffyn 0-0: Swinging Strike
0-1: Swinging Strike
0-2: Ball
1-2: Foul Ball, location: 2F
1-2: Ball
2-2: Fly out, F9 (Flyball, 9LS)
Batting: LHB Kwang-chih Feng 0-0: Fly out, F2 (Popup, 25F)
Batting: RHB Troy Whitehurst 0-0: Called Strike
0-1: Swinging Strike
0-2: Ball
1-2: Ball
2-2: Strikes out swinging
Top of the 4th over - 0 runs, 1 hit, 0 errors, 1 left on base; Athletic Club KC Academy 0 - Lancaster 0
BOTTOM OF THE 4TH
Lancaster Farmers batting - Pitching for Athletic Club KC Academy : RHP Gabriel Reyes
Batting: SHB Robert La Caze 0-0: Ball
1-0: Foul Ball, location: 2F
1-1: Fly out, F7 (Flyball, 78S)
Batting: RHB Woodrow Terrebonne 0-0: Ball
1-0: DOUBLE (Line Drive, 9LM)
Batting: LHB Tullu Amaad 0-0: Foul Ball, location: 2F
0-1: Ball
1-1: Ball
2-1: SINGLE (Groundball, 4D)
Woodrow Terrebonne to third
Batting: RHB Gabe Cain 0-0: Fly out, F9 (Flyball, 9LSF)
Batting: LHB Carlos Germán 0-0: Ball
1-0: Ball
2-0: Called Strike
2-1: Swinging Strike
2-2: Ball
3-2: SINGLE (Groundball, 34D)
Woodrow Terrebonne scores
Tullu Amaad to second
Tullu Amaad to third
Batting: RHB Cosmo Castanhedo 0-0: Ball
1-0: Foul Ball, location: 2F
1-1: Ball
2-1: Called Strike
2-2: Strikes out looking
Bottom of the 4th over - 1 run, 3 hits, 0 errors, 2 left on base; Athletic Club KC Academy 0 - Lancaster 1
TOP OF THE 5TH
Athletic Club KC Academy batting - Pitching for Lancaster Farmers : RHP Daniel Nelson
Batting: RHB Dewey Nauss 0-0: Called Strike
0-1: SINGLE (Line Drive, 56)
Batting: SHB Gerald Merendino 0-0: Ball
1-0: Ball
2-0: Foul Ball, location: 2F
2-1: Foul Ball, location: 2F
2-2: Strikes out swinging
Batting: RHB Fernando Rodríguez 0-0: Called Strike
0-1: Ball
1-1: Called Strike
1-2: Ball
2-2: Strikes out looking
Batting: RHB Tae-kyun Chon 0-0: Foul Ball, location: 2F
0-1: Swinging Strike
Passed Ball!
Dewey Nauss to second
0-2: Strikes out swinging
Top of the 5th over - 0 runs, 1 hit, 0 errors, 1 left on base; Athletic Club KC Academy 0 - Lancaster 1
BOTTOM OF THE 5TH
Lancaster Farmers batting - Pitching for Athletic Club KC Academy : RHP Gabriel Reyes
Batting: LHB Mark Armstead 0-0: Ball
1-0: Foul Ball, location: 2F
1-1: Ball
2-1: Ball
3-1: Called Strike
3-2: Base on Balls
Batting: RHB Alejandro Garza 0-0: Ball
1-0: Called Strike
1-1: Foul Ball, location: 2F
1-2: Strikes out swinging
Batting: RHB Danijel van Aalten 0-0: Ball
Mark Armstead is caught stealing 2nd base
1-0: Ground out 6-3 (Groundball, 6)
Bottom of the 5th over - 0 runs, 0 hits, 0 errors, 0 left on base; Athletic Club KC Academy 0 - Lancaster 1
TOP OF THE 6TH
Athletic Club KC Academy batting - Pitching for Lancaster Farmers : RHP Daniel Nelson
Batting: RHB Colin Bottone 0-0: Swinging Strike
0-1: Ball
1-1: Swinging Strike
1-2: Ball
2-2: Ball
3-2: Strikes out looking
Batting: LHB Ramón Morterero 0-0: SOLO HOME RUN (Flyball, 9D), Distance : 375 ft
Batting: RHB Roger Caffyn 0-0: Foul Ball, location: 2F
0-1: Ball
1-1: Ball
2-1: Swinging Strike
2-2: Strikes out looking
Batting: LHB Kwang-chih Feng 0-0: Called Strike
0-1: Swinging Strike
0-2: Ball
1-2: Ball
2-2: Ball
3-2: Base on Balls
Batting: RHB Troy Whitehurst 0-0: Swinging Strike
0-1: Ball
1-1: Ball
2-1: Called Strike
2-2: Foul Ball, location: 2F
2-2: Fly out, F8 (Flyball, 8RM)
Top of the 6th over - 1 run, 1 hit, 0 errors, 1 left on base; Athletic Club KC Academy 1 - Lancaster 1
BOTTOM OF THE 6TH
Lancaster Farmers batting - Pitching for Athletic Club KC Academy : RHP Gabriel Reyes
Batting: SHB Robert La Caze 0-0: Ball
1-0: Called Strike
1-1: SINGLE (Groundball, 25) (infield hit)
Batting: RHB Woodrow Terrebonne 0-0: Ball
Robert La Caze is caught stealing 2nd base
1-0: Ball
2-0: Swinging Strike
2-1: Foul Ball, location: 2F
2-2: Strikes out looking
Batting: LHB Tullu Amaad 0-0: Swinging Strike
0-1: Called Strike
0-2: Foul Ball, location: 2F
0-2: Ball
1-2: Strikes out looking
Bottom of the 6th over - 0 runs, 1 hit, 0 errors, 0 left on base; Athletic Club KC Academy 1 - Lancaster 1
TOP OF THE 7TH
Athletic Club KC Academy batting - Pitching for Lancaster Farmers : LHP Ammuc Mwenda
Pitching: LHP Ammuc Mwenda
Batting: RHB Dewey Nauss 0-0: Foul Ball, location: 2F
0-1: Foul Ball, location: 2F
0-2: Ball
1-2: Ground out 6-3 (Groundball, 6)
Batting: SHB Gerald Merendino 0-0: Ball
1-0: SINGLE (Line Drive, 4D)
Pinch Runner at 1st Takayuki Yoshikawa:
Batting: RHB Fernando Rodríguez 0-0: Ball
Takayuki Yoshikawa steals 2nd base
1-0: Swinging Strike
1-1: Ball
2-1: Foul Ball, location: 2F
2-2: Strikes out swinging
Pinch Hitting: RHB Arturo Annunziato 0-0: Called Strike
0-1: Foul Ball, location: 2F
0-2: Ball
1-2: Fly out, F9 (Flyball, 9)
Top of the 7th over - 0 runs, 1 hit, 0 errors, 1 left on base; Athletic Club KC Academy 1 - Lancaster 1
BOTTOM OF THE 7TH
Lancaster Farmers batting - Pitching for Athletic Club KC Academy : RHP Gabriel Reyes
Now at 1B: Takayuki Yoshikawa
Now at SS: Abdallah Rweikiza
Batting: RHB Gabe Cain 0-0: Fly out, F8 (Flyball, 8LD)
Batting: LHB Carlos Germán 0-0: Ball
1-0: Called Strike
1-1: Foul Ball, location: 2F
1-2: Ball
2-2: Ball
3-2: Foul Ball, location: 2F
3-2: Base on Balls
Pinch Hitting: LHB Pancho Farías 0-0: Ball
Carlos Germán steals 2nd base
1-0: Ball
Wild Pitch!
Carlos Germán to third
2-0: Ball
3-0: Called Strike
3-1: Fly out, F4 (Popup, 23)
Pitching: RHP Andrés Martínez
Batting: LHB Mark Armstead 0-0: Foul Ball, location: 2F
0-1: Swinging Strike
0-2: Ball
1-2: SINGLE (Groundball, 34D)
Carlos Germán scores
Batting: RHB Alejandro Garza 0-0: Ball
1-0: Called Strike
1-1: Swinging Strike
1-2: Ball
2-2: Strikes out swinging
Bottom of the 7th over - 1 run, 1 hit, 0 errors, 1 left on base; Athletic Club KC Academy 1 - Lancaster 2
TOP OF THE 8TH
Athletic Club KC Academy batting - Pitching for Lancaster Farmers : LHP Ammuc Mwenda
Now at 3B: Pancho Farías
Batting: RHB Colin Bottone 0-0: Ball
1-0: Foul Ball, location: 2F
1-1: DOUBLE (Flyball, 8LXD)
Batting: LHB Ramón Morterero 0-0: Ball
1-0: Swinging Strike
1-1: Ball
2-1: Swinging Strike
2-2: Ball
3-2: Foul Ball, location: 2F
3-2: Base on Balls
Batting: RHB Roger Caffyn 0-0: Ball
1-0: Foul Ball, location: 2F
1-1: Ball
2-1: Called Strike
2-2: Ball
3-2: Strikes out looking
Batting: LHB Kwang-chih Feng 0-0: Called Strike
0-1: Ball
1-1: Ball
2-1: Swinging Strike
2-2: Ball
3-2: Strikes out swinging
Batting: RHB Troy Whitehurst 0-0: Ball
1-0: Called Strike
1-1: Ball
2-1: Foul Ball, location: 2F
2-2: Strikes out swinging
Top of the 8th over - 0 runs, 1 hit, 0 errors, 2 left on base; Athletic Club KC Academy 1 - Lancaster 2
BOTTOM OF THE 8TH
Lancaster Farmers batting - Pitching for Athletic Club KC Academy : RHP Andrés Martínez
Batting: RHB Danijel van Aalten 0-0: Called Strike
0-1: Ball
1-1: Foul Ball, location: 2F
1-2: Fly out, F8 (Flyball, 8LD)
Batting: SHB Robert La Caze 0-0: Called Strike
0-1: Called Strike
0-2: Foul Ball, location: 2F
0-2: Strikes out looking
Batting: RHB Woodrow Terrebonne 0-0: Ball
1-0: Called Strike
1-1: SINGLE (Flyball, 78M)
Batting: LHB Tullu Amaad 0-0: Called Strike
0-1: Foul Ball, location: 2F
0-2: SINGLE (Flyball, 78M)
Woodrow Terrebonne to second
Batting: RHB Gabe Cain 0-0: Ball
1-0: 3-RUN HOME RUN (Flyball, 7LD), Distance : 366 ft
Pitching: LHP Salbatore Alejos
Batting: LHB Carlos Germán 0-0: Ball
1-0: SINGLE (Flyball, 7S)
Batting: LHB Pancho Farías 0-0: Called Strike
Carlos Germán steals 2nd base
0-1: Swinging Strike
0-2: Strikes out swinging
Bottom of the 8th over - 3 runs, 4 hits, 0 errors, 1 left on base; Athletic Club KC Academy 1 - Lancaster 5
TOP OF THE 9TH
Athletic Club KC Academy batting - Pitching for Lancaster Farmers : LHP Ammuc Mwenda
Batting: RHB Dewey Nauss 0-0: Foul Ball, location: 2F
0-1: Ball
1-1: Fly out, F3 (Popup, 3SF)
Batting: LHB Takayuki Yoshikawa 0-0: Called Strike
0-1: Foul Ball, location: 2F
0-2: Ball
1-2: Strikes out swinging
Batting: RHB Fernando Rodríguez 0-0: SINGLE (Groundball, 6D)
Batting: LHB Abdallah Rweikiza 0-0: Fly out, F7 (Flyball, 7)
Top of the 9th over - 0 runs, 1 hit, 0 errors, 1 left on base; Athletic Club KC Academy 1 - Lancaster 5
Tuesday, December 19th, 2017 - OOTP Baseball 18.8 Build 76